 Dungeon Crawl Stone Soup version 0.28.0 (webtiles) character file.

Game seed: 3866604335678998838

111 Strat the Chopper (level 4, 0/37 HPs)
             Began as a Minotaur Gladiator on Feb 10, 2022.
             Was an Initiate of Ashenzari.
             Killed from afar by Terence (6 damage)
             ... with a puff of flame
             ... on level 3 of the Dungeon.
             The game lasted 00:05:25 (1191 turns).

Strat the Chopper (Minotaur Gladiator)              Turns: 1191, Time: 00:05:26

Health: 0/37       AC:  8    Str: 19    XL:     4   Next: 62%
Magic:  3/3        EV:  8    Int:  5    God:    Ashenzari [......]
Gold:   147        SH:  0    Dex: 13    Spells: 3/3 levels left

rFire   . . .      SeeInvis .   a - +0 war axe
rCold   . . .      Faith    .   (no shield)
rNeg    . . .      Spirit   .   o - +0 chain mail
rPois   .          Reflect  .   c - +0 hat
rElec   .          Harm     .   (no cloak)
rCorr   .          Rampage  .   (no gloves)
Will    +....                   (no boots)
Stlth   ..........              (no amulet)
HPRegen 0.12/turn               f - ring of willpower
MPRegen 0.08/turn               (no ring)

@: no status effects
A: horns 2, retaliatory headbutt
a: Renounce Religion, Curse Item


You were on level 3 of the Dungeon.
You worshipped Ashenzari.
Ashenzari was noncommittal.
You visited 1 branch of the dungeon, and saw 4 of its levels.

You collected 147 gold pieces.

Inventory:

Hand Weapons
 a - a +0 war axe (weapon)
 b - a +0 hunting sling
 q - a +0 flail of protection
Missiles
 d - 3 throwing nets (quivered)
 j - 44 stones
Armour
 c - a +0 hat (worn)
 g - a +0 ring mail
 i - a +0 leather armour
 o - a +0 chain mail (worn)
Jewellery
 f - a ring of willpower (left hand)
 k - a +6 ring of intelligence
Potions
 e - a potion of curing
 r - a potion of magic


   Skills:
 - Level 2.4 Fighting
 + Level 6.6 Axes
 - Level 2.0 Throwing
 - Level 3.2 Dodging


You had 3 spell levels left.
You didn't know any spells.
Your spell library contained the following spells:

 Spells                   Type           Power      Damage    Failure   Level
 Animate Skeleton         Necr           0%         N/A       100%        1
 Apportation              Tloc           0%         N/A       100%        1
 Summon Small Mammal      Summ           0%         N/A       100%        1


Dungeon Overview and Level Annotations

Branches:
Dungeon (4/15)
 Temple: D:4-7

Altars:
Ashenzari

Annotations:
D:3 3 runed translucent doors, Grinder; JJisdabomb's ghost, amateur NaFi; Terence


Innate Abilities, Weirdness & Mutations

You have a pair of horns on your head.
You reflexively headbutt those who attack you in melee.


Message History

There is a faded altar of an unknown god here.
You cannot tell which god this altar belongs to.
Convert to them anyway?
Okay, then.
You cannot tell which god this altar belongs to.
Convert to them anyway?
Uppercase [Y]es or [N]o only, please.
You cannot tell which god this altar belongs to.
Convert to them anyway?
Ashenzari accepts your prayer! Ashenzari welcomes you!
Ashenzari warns you of distant threats and treasures.
Ashenzari reveals the structure of the dungeon to you.
Ashenzari shows you where magical portals lie.
Ashenzari invites you to partake of a vision and a curse of companions and melee combat.
Okay, then.
Okay, then.
As you read the scroll labelled ZOADUO GUPEU, it crumbles to dust.
You feel aware of your surroundings.
It was a scroll of magic mapping.
Found 25 stones.
An orc comes into view. It is wielding a +0 short sword.
The orc closely misses you. You furiously retaliate!
You headbutt the orc. You barely miss the orc.
The orc is lightly wounded.
The orc barely misses you. The orc hits you with a +0 short sword.
You slash the orc!
You kill the orc!
Found a potion of curing and a club.
You see here a +0 short sword.
Terence the Incautious comes into view.
He is wielding a +3 vorpal hand axe and carrying a wand of flame (6).
Terence shouts!
You see here 25 stones.
j - 44 stones (gained 25) Terence zaps a wand.
The puff of flame hits you!
* * * LOW HITPOINT WARNING * * *
You aren't carrying any items that you can evoke.
Unknown command.
Terence drinks a potion.
Terence seems to speed up.
Terence zaps a wand.
The puff of flame misses you.
Terence zaps a wand.
The puff of flame hits you!
* * * LOW HITPOINT WARNING * * *
Terence zaps a wand.
The puff of flame hits you.
* * * LOW HITPOINT WARNING * * *
Terence zaps a wand.
The puff of flame hits you.
You die...

#######.# *,,,,,,,,* #........
#...# *,,,,,,..* #........
#.#######****#.######......).
#.......# #...............
#######.# #...............
#.#######..............
*########......................
##...#....†.....................
#..#...##....#.@......@.........
#.###.,*##..###.........).......
#.##..#* ##..#.................!
#.#....###..............########
#.#,#...#...#.........###*,,,,,,
#†#**#.....###........# *,,,,,,
#.## ##._.## ##.......# *,,,,,,
#..###....†###..####### *,,,,,,
##..#...#.(.#...# *,,,,,,


You could see Terence (fast).

Vanquished Creatures
  A jelly (D:4)
  2 gnolls
  2 adders
  A worm (D:2)
  An orc (D:3)
  2 endoplasms (D:2)
  A giant cockroach (D:2)
  4 goblins
  A hobgoblin (D:2)
  8 jackals (D:1)
  4 kobolds
  A quokka (D:4)
  6 ball pythons
  2 bats
  A frilled lizard (D:2)
  4 rats
41 creatures vanquished.

Notes
Turn   | Place    | Note
-------+----------+-------------------------------------------
     0 | D:1      | Strat the Minotaur Gladiator began the quest for the Orb.
     0 | D:1      | Reached XP level 1. HP: 18/18 MP: 0/0
    75 | D:1      | Reached skill level 4 in Axes
    78 | D:1      | Reached XP level 2. HP: 15/25 MP: 1/1
   399 | D:2      | Reached skill level 5 in Axes
   407 | D:2      | Reached XP level 3. HP: 15/30 MP: 2/2
   698 | D:3      | Found a runed translucent gate.
   698 | D:3      | Found a runed translucent gate.
   698 | D:3      | Found a runed translucent gate.
   698 | D:3      | Noticed JJisdabomb's ghost (amateur NaFi)
   729 | D:4      | Reached skill level 6 in Axes
   729 | D:4      | Reached XP level 4. HP: 37/37 MP: 3/3
   878 | D:3      | Noticed Grinder
   918 | D:3      | Paralysed by Grinder for 2 turns
  1086 | D:3      | Found a faded altar of an unknown god.
  1158 | D:3      | Prayed at the altar of an unknown god.
  1158 | D:3      | Became a worshipper of Ashenzari the Shackled
  1178 | D:3      | Noticed Terence
  1191 | D:3      | Killed from afar by Terence

Illustrated notes

Levels and vault maps discovered:
D:1:      dpeg_arrival_orchard, layout_basic
D:2:      layout_loops_ring
D:3:      layout_basic, nicolae_ecumenical_snake_handling,
          ebering_ghost_rock_garden, patterned_corridor, uniq_terence,
          uniq_natasha, uniq_jessica, uniq_ijyb, uniq_grinder
D:4:      layout_rooms, makhleb_blood_cavern_becter

Skill      XL: |  1  2  3 |
---------------+----------+-----
Axes           | 4 5 6 |  6.6
Fighting       | |  2.4
Throwing       | |  2.0
Dodging        | |  3.2

Action                   |  1- 3 |  4- 6 || total
-------------------------+-------+-------++-------
Melee: War axe           |    58 |    29 ||    87
       Headbutt          |     6 |     8 ||    14
       Punch             |     1 |       ||     1
 Fire: Hunting sling     |    13 |     1 ||    14
  Use: Scroll            |       |     7 ||     7
Armor: Leather armour    |     4 |       ||     4
       Ring mail         |    12 |       ||    12
       Chain mail        |     3 |    14 ||    17
Dodge: Dodged            |    43 |    21 ||    64
